Map: 国王藏宝地-天梯版

Players

iAsonu - Winner!

  • Race: Zerg Zerg

Ryu

  • Race: Zerg Zerg

Event: WESG 2018 Grand Finals

VOD

Have the link to the VOD?

Description

Time

  • Played on: March 12, 2019, 12:26 a.m.
  • Length: 6:54

All games in this series

Show
View Real Time Build Order
Export as new Build Order

iAsonu Zerg - Winner!

Build Orders: Hatch First 

Get SALT Encoding   

  12  0:00  Drone  
  13  0:12  Overlord  
  13  0:18  Drone  
  14  0:31  Drone  
  14  0:32  Drone  
  16  0:36  Drone  
  17  0:54  Hatchery  
  17  0:56  Drone  
  17  0:58  Drone  
  17  1:01  Extractor  
  17  1:15  Spawning Pool  
  16  1:18  Drone  
  16  1:21  Drone  
  18  1:29  Drone  
  19  1:46  Overlord  
  19  1:54  Drone  
  20  2:01  Queen  
  20  2:02  Metabolic Boost  
  20  2:06  Queen, Drone  
  25  2:10  Drone  
  25  2:14  Zergling x2  
  27  2:18  Zergling x2  
  29  2:22  Drone  
  29  2:29  Drone  
  30  2:45  Overlord  
  30  2:46  Hatchery  
  30  2:47  Zergling x4  
  31  2:53  Zergling x2  
  32  3:04  Zergling x4  
  32  3:05  Baneling Nest  
  33  3:08  Zergling x2  
  33  3:12  Zergling x8  
  38  3:14  Drone  
  38  3:16  Drone  
  40  3:22  Overlord  
  39  3:29  Drone  
  39  3:34  Overlord  
  39  3:36  Drone x2  
  40  3:46  Zergling x2  
  40  3:47  Zergling x4  
  43  3:49  Drone x2  
  43  3:50  Drone  
  43  3:54  Zergling x2, Drone  
  48  3:56  Baneling  
  48  3:58  Drone  
  48  4:02  Overlord  
  47  4:10  Drone  
  47  4:13  Zergling x2  
  46  4:19  Zergling x2  
  46  4:20  Drone  
  48  4:28  Drone  
  48  4:29  Zergling x2  
  48  4:32  Queen  
  48  4:33  Drone x4  
  48  4:35  Extractor  
  48  4:36  Roach Warren, Drone  
  48  4:37  Baneling  
  48  4:38  Baneling  
  53  4:40  Baneling x3  
  53  4:42  Drone  
  54  4:51  Evolution Chamber  
  53  4:54  Overlord  
  51  5:04  Drone x6  
  55  5:07  Drone x3  
  55  5:10  Overlord  
  57  5:16  Drone  
  57  5:17  Zergling x6  
  57  5:18  Baneling x2  
  61  5:22  Extractor  
  61  5:24  Drone  
  61  5:26  Drone  
  62  5:29  Lair  
  62  5:32  Drone x2  
  64  5:37  Drone x3  
  64  5:41  Overlord  
  67  5:44  Drone x3  
  70  5:50  Drone x4  
  70  5:53  Overlord  
  70  5:55  Zergling x2  
  70  5:56  Zergling x2  
  75  6:02  Zergling x10  
  80  6:04  Baneling x2  
  80  6:06  Zergling x2  
  80  6:07  Roach  
  80  6:11  Roach x2  
  86  6:13  Roach  
  86  6:14  Roach  
  86  6:17  Roach, Baneling  
  92  6:22  Roach  
  92  6:23  Roach  
  92  6:30  Drone x4  
  92  6:34  Roach  
  92  6:38  Extractor  
  92  6:39  Extractor  
Show
View Real Time Build Order
Export as new Build Order

Ryu Zerg 

Build Orders: Hatch First 

Get SALT Encoding   

  12  0:01  Drone  
  13  0:12  Overlord  
  13  0:18  Drone  
  14  0:30  Drone x2  
  16  0:49  Hatchery  
  15  0:53  Drone  
  15  0:56  Drone  
  17  0:59  Extractor  
  17  1:01  Drone  
  17  1:16  Spawning Pool  
  16  1:19  Drone  
  16  1:22  Drone  
  18  1:28  Drone  
  19  1:41  Drone  
  20  2:02  Queen x2  
  20  2:03  Zergling x4  
  20  2:05  Metabolic Boost  
  26  2:11  Overlord  
  26  2:15  Drone  
  27  2:18  Drone  
  28  2:31  Drone x2  
  28  2:32  Drone  
  31  2:44  Hatchery  
  31  2:50  Baneling Nest  
  29  2:52  Zergling x2  
  29  2:55  Zergling x2  
  31  3:00  Overlord  
  31  3:03  Drone  
  31  3:06  Zergling x2  
  31  3:10  Overlord  
  32  3:16  Drone x2  
  32  3:19  Drone  
  35  3:23  Zergling x2  
  36  3:28  Drone  
  36  3:30  Queen  
  38  3:34  Zergling x2  
  38  3:36  Drone  
  40  3:41  Drone x2  
  40  3:45  Zergling x4  
  40  3:48  Zergling x2  
  44  3:57  Drone  
  44  3:58  Drone  
  44  4:00  Evolution Chamber  
  44  4:01  Baneling x2  
  44  4:04  Zergling x4  
  44  4:07  Drone  
  44  4:09  Zergling x4  
  43  4:19  Zergling x2  
  43  4:21  Drone  
  43  4:28  Zerg Ground Armor Level 1  
  43  4:30  Drone  
  43  4:32  Extractor  
  43  4:37  Baneling  
  42  4:44  Drone x3, Extractor  
  42  4:45  Hatchery, Baneling x2  
  42  4:48  Zergling x6  
  45  4:55  Zergling x2  
  45  5:04  Zergling x4  
  39  5:16  Zergling x8  
  43  5:22  Zergling x2  
  43  5:25  Zergling x2  
  45  5:32  Zergling x2  
  46  5:35  Zergling x2  
  46  5:37  Queen  
  46  5:39  Zergling x6  
  50  5:51  Baneling x2  
  50  5:52  Baneling  
  50  5:56  Zergling x4  
  52  6:01  Zergling x4  
  52  6:02  Zergling x2  
  55  6:11  Zergling x10  
  57  6:20  Zergling x6  
  57  6:21  Zergling x2  
  57  6:22  Zergling x2  
  55  6:25  Zergling x2  
  55  6:29  Zergling x4  
  55  6:32  Baneling  
  54  6:34  Zergling x10  
Tags
 
Add a new tag
Caveats
  • Supply blocks, unpowered buildings, or Contaminate may cause inaccurate times.
  • Supply counts are checked every 10 seconds.